 Dungeon Crawl Stone Soup version 0.20-a0-553-g9f38e11 (webtiles) character file.

20 Rhoefr the Sneak (level 2, -1/13 HPs)
             Began as a Spriggan Enchanter on Feb 3, 2017.
             Slain by a jackal (2 damage)
             ... on level 1 of the Dungeon.
             The game lasted 00:02:46 (452 turns).

Rhoefr the Sneak (Spriggan Enchanter)                Turns: 452, Time: 00:02:46

Health: -1/13      AC:  2    Str:  0    XL:     2   Next: 58%
Magic:  1/6        EV: 18    Int: 16    God:
Gold:   36         SH:  0    Dex: 16    Spells: 3/6 levels left

rFire    . . .     SeeInvis +   a - +1 dagger
rCold    . . .     Gourm    .   b - +0 robe
rNeg     . . .     Faith    .   (shield restricted)
rPois    .         Spirit   .   (helmet restricted)
rElec    .         Reflect  .   (no cloak)
rCorr    .         Harm     .   (gloves unavailable)
MR       .....                  (boots unavailable)
Stlth    +++.......             (no amulet)
Regen    0.1/turn               (no ring)
                                i - -4 ring of strength (curse)

@: slowed, lost strength, quick
A: unfitting armour, see invisible, herbivore 3, speed 3, slow metabolism 2
a: no special abilities


You were on level 1 of the Dungeon.
You were not hungry.

You visited 1 branch of the dungeon, and saw 1 of its levels.

You collected 36 gold pieces.

Inventory:

Hand Weapons
 a - a +1 dagger (weapon)
Missiles
 e - 9 stones (quivered)
Armour
 b - a +0 robe (worn)
Jewellery
 i - a cursed -4 ring of strength (left hand)
Potions
 h - a potion of flight {unknown}
Books
 c - a book of Maledictions

   Spells                             Type                      Level
   a - Corona                         Hexes                        1
   b - Ensorcelled Hibernation        Hexes/Ice                    2
   c - Confuse                        Hexes                        3
   d - Tukima's Dance                 Hexes                        3
   e - Dazzling Spray                 Conjuration/Hexes            3
Comestibles
 d - a bread ration


   Skills:
 - Level 1.2 Short Blades
 - Level 3.1 Dodging
 + Level 4.6 Stealth
 - Level 2.6 Spellcasting
 * Level 4.4 Hexes
 * Level 0.1 Ice Magic


You had 3 spell levels left.
You knew the following spells:

 Your Spells              Type           Power        Failure   Level  Hunger
a - Corona                Hex            ###....      3%          1    #......
b - Ensorcelled Hibernat  Hex/Ice        #.....       14%         2    ##.....


Dungeon Overview and Level Annotations

Branches:
Dungeon (1/15)

Altars:


Innate Abilities, Weirdness & Mutations

You are very small and have problems with some larger weapons.
You are too small for most types of armour.
You have supernaturally acute eyesight. (SInv)
You are a herbivore.
You cover ground extremely quickly.
You need consume almost no food.


Message History

You take 2 damage, and have 7/13 hp.
You hit the jackal.
The jackal is moderately wounded.
The jackal bites you. The jackal closely misses you. The jackal misses you.
The jackal closely misses you. The jackal completely misses you.
The jackal misses you.
You take 3 damage, and have 4/13 hp.
MASSIVE DAMAGE!!
You hit the jackal but do no damage.
The jackal is moderately wounded.
The jackal bites you.
* * * LOW HITPOINT WARNING * * *
The jackal bites you.
* * * LOW HITPOINT WARNING * * *
The jackal misses you. The jackal completely misses you.
The jackal barely misses you. The jackal closely misses you.
You take 3 damage, and have 1/13 hp.
MASSIVE DAMAGE!!
You hit the jackal but do no damage.
The jackal is moderately wounded.
The jackal bites you.
You die...

......># #.#..#..#.............#≈
..####.###.##...##....>...#...##≈
.........#.###............#.#.≈≈≈
...........#.............[....#≈≈
.%###..........###.........#..##≈
....#...##.....................≈≈
###.##.###.....#######.##..##..##
..#.##.##..###.### #.#..###....
....#....[.....h@#####...## #....
.<..#.###..###.#hh.....### #....
...##.##...##..........######.###
#.....#..####............%.....#
#######.....#...........###...##
...#........#...........##..###
#.##..........).............#
..##........#..........#..###
............#.†........#.##


You could see 3 jackals.

Vanquished Creatures
  A dart slug (D:1)
  3 giant cockroaches (D:1)
  A jackal (D:1)
  A kobold (D:1)
  7 bats (D:1)
  3 goblins (D:1)
  2 rats (D:1)
18 creatures vanquished.

Notes
Turn   | Place    | Note
-------+----------+-------------------------------------------
     0 | D:1      | Rhoefr the Spriggan Enchanter began the quest for the Orb.
     0 | D:1      | Reached XP level 1. HP: 9/9 MP: 5/5
   128 | D:1      | Reached XP level 2. HP: 9/13 MP: 6/6
   236 | D:1      | Learned a level 2 spell: Ensorcelled Hibernation
   309 | D:1      | Lost strength.
   452 | D:1      | Slain by a jackal

Vault maps used:
D:1:      saegor_arrival_simple_f, minivault_4

Skill      XL: |  1 |
---------------+----+-----
Hexes          | 4 |  4.4
Short Blades   | |  1.2
Dodging        | |  3.1
Stealth        | |  4.6
Spellcasting   | |  2.6
Ice Magic      | |  0.1

Action                   || total
-------------------------++-------
Melee: Dagger            ||    61
Throw: Stone             ||     1
 Cast: Corona            ||     2
       Ensorcelled Hiber ||     5
  Use: Scroll            ||     3
 Stab: Sleeping          ||     7
Armor: Robe              ||    10
Dodge: Dodged            ||    82
